 Dungeon Sprint DCSS version 0.30.1-9-gdf580d7c3d (webtiles) character file.

Game seed: 4245389011688744304

20981 Heoruswealwe the Phalangite (level 12, -8/128 (130) HPs)
             Began as a Minotaur Fighter on Sept 28, 2023.
             Was an Initiate of Gozag.
             Killed from afar by a lich (14 damage)
             ... with a bolt of cold
             ... in the Dungeon (Sprint IX: "|||||||||||||||||||||||||||||").
             The game lasted 00:28:28 (2384 turns).

Heoruswealwe the Phalangite (Minotaur Fighter)      Turns: 2384, Time: 00:28:29

HP:   -8/128 (130)  AC: 24    Str: 32    XL:     12   Next: 50%
MP:   11/11         EV:  9    Int:  5    God:    Gozag
Gold: 1509          SH:  0    Dex: 10    Spells: 11/11 levels left

rFire   . . .        b - +8 frozen axe "Frostbite" {freeze, freezing cloud, *Noise Fly rC+}
rCold   + . .        (shield currently unavailable)
rNeg    . . .        c - +2 plate armour
rPois   .            (helmet restricted)
rElec   .            h - scarf {repulsion}
rCorr   .            f - +0 pair of gloves
SInv    .            e - +0 pair of boots
Will    +....        (no amulet) Stlth
                     k - ring "Nigon" {Will+ Str+6}
HPRegen 0.41/turn    (no ring)
MPRegen 0.12/turn

%: no teleportation, repel missiles
@: gold aura, flying, lightly drained
A: horns 2, retaliatory headbutt, mutation resistance 1, passive freeze
a: Renounce Religion, Potion Petition, Call Merchant, Bribe Branch


You were in the Dungeon.
You worshipped Gozag.
Gozag was most pleased with you.
You visited 1 branch You collected 8294 gold pieces.
You spent 5528 gold pieces at shops.
You paid 1257 gold pieces to Gozag.

Inventory:

Hand Weapons
 a - a +9 demon trident of electrocution
 b - the +8 frozen axe "Frostbite" (weapon) {freeze, freezing cloud, *Noise Fly rC+}
   (You bought it in a shop in the Dungeon)

   rC:        It protects you from cold.
   Fly:       It grants you flight.
   *Noise:    It may make noises in combat.
 v - a +4 heavy glaive
Armour
 c - a +2 plate armour (worn)
 d - a +0 buckler
 e - a +0 pair of boots (worn)
 f - a +0 pair of gloves (worn)
 h - a scarf of repulsion (worn)
Jewellery
 k - the ring "Nigon" (left hand) {Will+ Str+6}
   (You bought it in a shop in the Dungeon)

   [ring of strength]

   Str:       It affects your strength (+6).
   Will:      It increases your willpower.
Wands
 j - a wand of flame (10)
 l - a wand of light (10)
 n - a wand of paralysis (9)
Scrolls
 o - 4 scrolls of enchant armour
 q - 6 scrolls of identify
 u - 3 scrolls of enchant weapon
Potions
 g - a potion of haste
 i - 2 potions of berserk rage
 m - 2 potions of curing
 p - a potion of might
 r - 2 potions of mutation
Miscellaneous
 s - a piece from Xom's chessboard (15/15)


   Skills:
 + Level 19.5 Fighting
 * Level 9.1(18.9) Axes
 + Level 25.5(26.0) Polearms
 + Level 19.5 Armour
 - Level 3.6 Shields


You had 11 spell levels left.
You didn't know any spells.
Your spell library was empty.

Dungeon Overview and Level Annotations

Branches:
Dungeon (1/1)

Altars:
Cheibriados
Dithmenos
Elyvilon
Fedhas
Gozag
Hepliaklqana
Kikubaaqudgha
Makhleb
Nemelex Xobeh
Okawaru
Qazlal
Ru
Sif Muna
Trog
Uskayaw
Vehumet
Wu Jian
Xom
Yredelemnul
Zin
The Shining One
Jiyva
Lugonu

Shops:
D (**[?


Innate Abilities, Weirdness & Mutations

You have a pair of horns on your head.
You reflexively headbutt those who attack you in melee.
You are somewhat resistant to further mutation.
A frigid envelope surrounds you and freezes all who hurt you.


Message History

The white very ugly thing bites you!
The white very ugly thing freezes you!!!
* * * LOW HITPOINT WARNING * * *
The white very ugly thing completely resists.
Okay, then.
You feel much better.
The white very ugly thing is engulfed in freezing vapours.
The white very ugly thing bites you but does no damage.
You impale the white very ugly thing!!
You kill the white very ugly thing!
Your base Axes skill increases to level 9!
Your +9 demon trident of electrocution stops crackling.
You fly up into the air.
The +8 frozen axe "Frostbite" {freeze, freezing cloud, *Noise Fly rC+} glows with a cold blue light!
b - the +8 frozen axe "Frostbite" (weapon)
{freeze, freezing cloud, *Noise Fly rC+} Something touches you.
* * * LOW HITPOINT WARNING * * *
You feel drained.
* * * LOW HITPOINT WARNING * * *
You hit something but do no damage.
You hear some strange, mumbled words.
A bolt of cold appears from out of thin air!
The bolt of cold hits you! You resist.
* * * LOW HITPOINT WARNING * * *
The wizard mumbles some strange words.
The wizard flickers and vanishes!
You slice something!! You freeze something.
Something touches you but does no damage. x2
You miss something.
Something conjures a glowing orb.
The wavering orb of destruction weakly hits you!
* * * LOW HITPOINT WARNING * * *
You barely miss something.
Something touches you but does no damage. x2
You slash something!
You hear some strange, mumbled words.
A bolt of cold appears from out of thin air!
The bolt of cold hits you! You resist.
You die...
Your body crumbles into a pile of gold.

,,,+,,,,,,,,,,,,,,,,,,,,,+,,,,,,,
*********************************
,,,,,,,,,,,,,,,,,,,,,,,,,,,,,,,,,
*********************************
,,,,,,+,,,,,,,,,+~~,,~~~,,+,,,,,,
*********************************
,,,,,,,,,,,,,,,,,,,,,,,,,,,,,,,,,
*********▓▓▓▓▓▓▓▓▓▓▓▓▓▓▓▓▓▓▓▓▓▓▓▓
,,,+,,,,,..CDDB{@$$$...?...!..[[[
▓▓▓▓▓▓▓▓▓▓▓▓▓▓▓▓▓▓▓▓▓▓▓▓▓▓▓▓▓▓▓▓▓
....)............................
▓▓▓▓▓▓▓▓▓▓▓▓▓▓▓▓▓▓▓▓▓▓▓▓▓▓▓▓▓▓▓▓▓
...'.∩.∩.∩.∩.∩.∩...)[[[[[..))))))
▓▓▓▓▓▓▓▓▓▓▓▓▓▓▓▓▓▓▓▓▓▓▓▓▓▓▓▓▓▓▓▓▓
.......)........................)
▓▓▓▓▓▓▓▓▓▓▓▓▓▓▓▓▓▓▓▓▓▓▓▓▓▓▓▓▓▓▓▓▓
.[[[...'..(.........'.........'..


You could see 2 ice dragons, a stone giant and a boulder beetle.

Vanquished Creatures
  2 very ugly things (D)
  Harold (D)
  Erolcha (D)
  2 hydras (D)
  A boulder beetle (D)
  13 orc knights (D)
  A deep elf pyromancer (D)
  An ugly thing (D)
  A cyclops (D)
  A salamander (shapeshifter) (D)
  3 manticores (D)
  Joseph (D)
  4 cane toads (D)
  An efreet (D)
  A rime drake (D)
  An unseen horror (shapeshifter) (D)
  A yaktaur (D)
  A troll (D)
  A hornet (D)
  8 polar bears (D)
  A dream sheep (D)
  A shadow (D)
  2 yaks (D)
  A wyvern (D)
  A basilisk (D)
  Grum (D)
  A vampire mosquito (D)
  A water moccasin (D)
  13 orc warriors (D)
  An ice beast (D)
  2 black bears (D)
  3 wolves (D)
  A phantom (D)
  3 bullfrogs (D)
  A scorpion (D)
  A killer bee (D)
  2 howler monkeys (D)
  3 orc priests (D)
  5 orc wizards (D)
  An ufetubus (D)
  5 orcs (D)
  A goblin (D)
  A hobgoblin (D)
  2 kobolds (D)
  A quokka (D)
101 creatures vanquished.

Notes
Turn   | Place    | Note
-------+----------+-------------------------------------------
     0 | D        | Heoruswealwe the Minotaur Fighter began the quest for the
                  | Orb.
     0 | D        | Reached XP level 1. HP: 19/19 MP: 0/0
     6 | D        | Reached skill level 3 in Polearms
    19 | D        | Noticed a phantom
    19 | D        | Noticed an orc wizard
    19 | D        | Noticed a scorpion
    19 | D        | Noticed an ice beast
    22 | D        | Reached skill level 4 in Polearms
    22 | D        | Reached XP level 2. HP: 20/28 MP: 1/1
    27 | D        | Killed an ice beast
    28 | D        | Reached skill level 7 in Polearms
    28 | D        | Reached XP level 3. HP: 15/38 MP: 2/2
    28 | D        | Reached XP level 4. HP: 18/45 MP: 3/3
    28 | D        | Killed a scorpion
    29 | D        | Reached skill level 9 in Polearms
    29 | D        | Reached XP level 5. HP: 22/52 MP: 4/4
    61 | D        | Killed a phantom
    62 | D        | Reached skill level 10 in Polearms
    68 | D        | Found a snail-covered altar of Cheibriados.
    68 | D        | Found a shadowy altar of Dithmenos.
    68 | D        | Found a white marble altar of Elyvilon.
    68 | D        | Found a blossoming altar of Fedhas.
    68 | D        | Found an opulent altar of Gozag.
    69 | D        | Found a hazy altar of Hepliaklqana.
    70 | D        | Found a viscous altar of Jiyva.
    71 | D        | Found an ancient bone altar of Kikubaaqudgha.
    72 | D        | Found a corrupted altar of Lugonu.
    73 | D        | Found a burning altar of Makhleb.
    74 | D        | Found a sparkling altar of Nemelex Xobeh.
    75 | D        | Found an iron altar of Okawaru.
    76 | D        | Became a worshipper of Gozag Ym Sagoz the Greedy
    77 | D        | Found a stormy altar of Qazlal.
    78 | D        | Found a sacrificial altar of Ru.
    79 | D        | Found a shimmering blue altar of Sif Muna.
    80 | D        | Found a bloodstained altar of Trog.
    81 | D        | Found a hide-covered altar of Uskayaw.
    82 | D        | Found a radiant altar of Vehumet.
    83 | D        | Found an ornate altar of the Wu Jian Council.
    84 | D        | Found a shimmering altar of Xom.
    85 | D        | Found a basalt altar of Yredelemnul.
    86 | D        | Found a glowing silver altar of Zin.
    87 | D        | Found a glowing golden altar of the Shining One.
   154 | D        | Noticed a hornet
   154 | D        | Noticed a wyvern
   154 | D        | Noticed a troll
   157 | D        | Reached skill level 11 in Polearms
   157 | D        | Reached XP level 6. HP: 62/62 MP: 5/5
   163 | D        | Killed a troll
   164 | D        | Reached skill level 12 in Polearms
   166 | D        | Killed a wyvern
   167 | D        | Reached skill level 10 in Fighting
   167 | D        | Reached skill level 13 in Polearms
   167 | D        | Reached skill level 10 in Armour
   167 | D        | Reached XP level 7. HP: 44/72 MP: 6/6
   171 | D        | Killed a hornet
   172 | D        | Reached skill level 14 in Polearms
   265 | D        | Noticed an efreet
   265 | D        | Noticed a cyclops
   265 | D        | Noticed a vampire mosquito
   265 | D        | Noticed a shadow
   265 | D        | Noticed a manticore
   265 | D        | Noticed a manticore
   270 | D        | Killed a manticore
   271 | D        | Reached skill level 15 in Polearms
   271 | D        | Reached XP level 8. HP: 73/83 MP: 7/7
   275 | D        | Killed a manticore
   276 | D        | Reached skill level 16 in Polearms
   298 | D        | Killed a cyclops
   299 | D        | Reached skill level 17 in Polearms
   299 | D        | Reached XP level 9. HP: 49/93 MP: 8/8
   306 | D        | Killed an efreet
   546 | D        | Noticed a cane toad
   550 | D        | Killed a cane toad
   550 | D        | Noticed a rime drake
   551 | D        | Reached skill level 18 in Polearms
   567 | D        | Noticed a polar bear
   574 | D        | Killed a rime drake
   575 | D        | Reached skill level 19 in Polearms
   585 | D        | Killed a polar bear
   586 | D        | Reached XP level 10. HP: 80/104 MP: 9/9
   649 | D        | Noticed a six-headed hydra
   649 | D        | Noticed a boulder beetle
   653 | D        | Noticed a cane toad
   655 | D        | Noticed a cane toad
   678 | D        | Killed an 11-headed hydra
   679 | D        | Reached skill level 15 in Fighting
   679 | D        | Reached skill level 20 in Polearms
   679 | D        | Reached skill level 15 in Armour
   680 | D        | Killed a cane toad
   680 | D        | Noticed a cane toad
   684 | D        | Killed a cane toad
   688 | D        | Killed a boulder beetle
   689 | D        | Reached skill level 21 in Polearms
   691 | D        | Killed a cane toad
   836 | D        | Reached XP level 11. HP: 108/115 MP: 10/10
   841 | D        | Reached skill level 22 in Polearms
   912 | D        | Noticed Grum
   923 | D        | Killed Grum
   986 | D        | Noticed Joseph
   995 | D        | Killed Joseph
  1075 | D        | Noticed an orc knight
  1085 | D        | Killed an orc knight
  1100 | D        | Noticed an orc knight
  1120 | D        | Killed an orc knight
  1181 | D        | Noticed an orc knight
  1192 | D        | Killed an orc knight
  1194 | D        | Reached skill level 23 in Polearms
  1203 | D        | Noticed an orc knight
  1220 | D        | Killed an orc knight
  1351 | D        | Found Nakuqadd's Magic Scroll Boutique.
  1351 | D        | Noticed an orc knight
  1351 | D        | Noticed an orc knight
  1351 | D        | Noticed an orc knight
  1351 | D        | Noticed an orc knight
  1351 | D        | Noticed an orc knight
  1352 | D        | Noticed an orc knight
  1360 | D        | Killed an orc knight
  1361 | D        | Noticed an orc knight
  1375 | D        | Killed an orc knight
  1383 | D        | Killed an orc knight
  1384 | D        | Noticed an orc knight
  1391 | D        | Killed an orc knight
  1392 | D        | Reached skill level 24 in Polearms
  1397 | D        | Killed an orc knight
  1412 | D        | Killed an orc knight
  1419 | D        | Killed an orc knight
  1425 | D        | Killed an orc knight
  1712 | D        | Found Imudoax's Armour Shop.
  1716 | D        | Found Upadum's General Store.
  1720 | D        | Found Seeppito's Distillery.
  1737 | D        | Noticed an orc knight
  1751 | D        | Killed an orc knight
  1752 | D        | Reached XP level 12. HP: 125/128 MP: 11/11
  1818 | D        | Bought a scroll of identify for 28 gold pieces
  1818 | D        | Bought a scroll of enchant weapon for 105 gold pieces
  1818 | D        | Bought a scroll of identify for 28 gold pieces
  1818 | D        | Bought a scroll of magic mapping for 105 gold pieces
  1818 | D        | Bought a scroll of identify for 28 gold pieces
  1818 | D        | Bought a scroll of identify for 28 gold pieces
  1823 | D        | Bought a scarf of repulsion for 120 gold pieces
  1852 | D        | Bought a potion of heal wounds for 70 gold pieces
  1852 | D        | Bought a potion of mutation for 112 gold pieces
  1852 | D        | Bought a potion of mutation for 112 gold pieces
  1852 | D        | Bought a potion of mutation for 112 gold pieces
  1852 | D        | Bought a potion of flight for 42 gold pieces
  1852 | D        | Bought a potion of mutation for 112 gold pieces
  1852 | D        | Bought a potion of brilliance for 56 gold pieces
  1852 | D        | Bought a potion of lignification for 42 gold pieces
  1854 | D        | Bought a scroll of poison for 52 gold pieces
  1870 | D        | Gained mutation: Your movements are slightly less
                  | encumbered by armour. (ER -2) [potion of mutation]
  1870 | D        | Gained mutation: You are agile. (Dex +4, Str/Int -1)
                  | [potion of mutation]
  1871 | D        | Lost mutation: Your movements are slightly less encumbered
                  | by armour. (ER -2) [potion of mutation]
  1871 | D        | Lost mutation: You are agile. (Dex +4, Str/Int -1) [potion
                  | of mutation]
  1871 | D        | Gained mutation: You are somewhat resistant to further
                  | mutation. [potion of mutation]
  1871 | D        | Gained mutation: A frigid envelope surrounds you and
                  | freezes all who hurt you. [potion of mutation]
  1883 | D        | Bought a piece from Xom's chessboard (15/15) for 260 gold
                  | pieces
  1883 | D        | Bought the ring "Nigon" {Will+ Str+6} for 631 gold pieces
  1883 | D        | Bought a scroll of immolation for 52 gold pieces
  1886 | D        | Bought a glowing glaive for 332 gold pieces
  1886 | D        | Bought a glowing demon trident for 630 gold pieces
  1886 | D        | Bought the +8 frozen axe "Frostbite" {freeze, freezing
                  | cloud, *Noise Fly rC+} for 2471 gold pieces
  1886 | D        | Found the +8 frozen axe "Frostbite" {freeze, freezing
                  | cloud, *Noise Fly rC+}
  1949 | D        | Noticed Harold
  1964 | D        | Killed Harold
  1965 | D        | Reached skill level 25 in Polearms
  2156 | D        | Noticed Erolcha
  2165 | D        | Killed Erolcha
  2343 | D        | Noticed an eight-headed hydra
  2348 | D        | Reached skill level 5 in Axes
  2349 | D        | Killed a ten-headed hydra
  2356 | D        | Noticed a red very ugly thing
  2357 | D        | Noticed a boulder beetle
  2360 | D        | Noticed a white very ugly thing
  2361 | D        | Noticed an ice dragon
  2363 | D        | Noticed an ice dragon
  2364 | D        | Noticed a lich
  2366 | D        | Killed a red very ugly thing
  2367 | D        | Noticed a stone giant
  2378 | D        | Killed a white very ugly thing
  2382 | D        | HP: 6/128 [disintegration (15)]
  2384 | D        | Killed from afar by a lich

Illustrated notes

Levels and vault maps discovered:
D:        linesprint [early_d, line_temple, items_1, d_10, items_2, lair_1,
          lair_end, items_3, orc_1, orc_end, items_4, d_15, swamp_1, shoals_1,
          snake_1, spider_1, d_20, vaults_1, items_5, swamp_end, shoals_end,
          snake_end, spider_end, vaults_end, d_27, items_6, zot_1, zot_end,
          crypt_end, forest_end, elf_end, slime_end, tomb_end, abyss_end,
          pan_hell_end]

Skill      XL: |  1  2  3  4  5  6  7  8  9 10 11 12 |
---------------+-------------------------------------+-----
Polearms       | 4 7 9 11 13 15 17 19 21 24 25 | 25.5
Fighting       | 4 6 7 8 10 11 13 14 16 18 19 | 19.5
Armour         | 4 6 7 8 10 11 13 14 16 18 19 | 19.5
Axes           | 9 |  9.1
Shields        | |  3.6

Action                     |  1- 3 |  4- 6 |  7- 9 | 10-12 || total
---------------------------+-------+-------+-------+-------++-------
  Melee: Trident           |    16 |    30 |       |       ||    46
         Headbutt          |     2 |     2 |    15 |    52 ||    71
         Halberd           |       |    12 |    87 |   244 ||   343
         Executioner's axe |       |       |       |    37 ||    37
         Demon trident     |       |       |       |     4 ||     4
 Invoke: Call Merchant     |       |       |       |     2 ||     2
    Use: Potion            |       |     2 |     2 |    16 ||    20
         Scroll            |       |       |       |     9 ||     9
   Stab: Distracted        |       |       |     2 |       ||     2
 Armour: Scale mail        |     2 |    10 |       |       ||    12
         Chain mail        |       |    12 |    26 |    45 ||    83
         Plate armour      |       |       |       |    62 ||    62
  Dodge: Dodged            |     8 |    12 |    20 |    57 ||    97
  Block: Buckler           |     1 |     1 |       |       ||     2
